Cogmind - Beta 10.2 @@@ ROGUE MODE // 2021.07.13 @ 15:31:13 Player: powbox Result: Destroyed by Y-45 Defender with Heavy Assault Rifle Performance ------------- Evolutions (1) 500 Regions Visited (2) 400 Robots Destroyed (24) 120 Value Destroyed (510) 510 Prototype IDs (3) 60 Alien Tech Used (0) 0 Bonus (0) 0 TOTAL SCORE: 1590 Bonus ------- None Cogmind --------- Core Integrity 0/400 Matter 290/300 Energy 100/100 System Corruption 4% Temperature Cool (9) Movement Core (300) Ox5 Location -9/Materials Parts ------- > --- POWER (1) -------- (None) > --- PROPULSION (2) --- (None) > --- UTILITY (4) ------ Large Storage Unit Terrain Scan Processor > --- WEAPON (2) ------- (None) > --- INVENTORY (10) --- Improved Ion Engine High-capacity Battery (400) Weight Redist. System Core Shielding Datajack Datajack Peak State ------------ > --- POWER ------------ Improved Ion Engine > --- PROPULSION ------- Light Treads Light Treads > --- UTILITY ---------- Large Storage Unit Terrain Scanner Terrain Scan Processor Hacking Suite > --- WEAPON ----------- Medium Laser Beam Cannon > --- INVENTORY -------- Improved Ion Engine Light Treads Light Treads High-capacity Battery Weight Redist. System Core Shielding Datajack Datajack [Rating: 14] Favorites ----------- Power Improved Ion Engine Engine Improved Ion Engine Propulsion Light Treads Treads Light Treads Utility Large Storage Unit Device Terrain Scanner Storage Large Storage Unit Processor Terrain Scan Processor Hackware Hacking Suite Protection Core Shielding Weapon EM Pulse Gun Energy Gun EM Pulse Gun Energy Cannon Beam Cannon Launcher Mini Grenade Launcher Special Melee Weapon Datajack Build | -11 -10 -9 ------- Run | Scr Mat Mat Slots Evolved 2 | . . 2 Power . | . . . Propulsion . | . . . Utility 2 | . . 2 Weapon . | . . . Parts Attached 26 | 6 15 5 Power 3 | 1 2 . Engine 3 | 1 2 . Core . | . . . Reactor . | . . . Propulsion 7 | 2 3 2 Treads 7 | 2 3 2 Leg . | . . . Wheel . | . . . Hover . | . . . Flight . | . . . Utility 7 | 1 4 2 Device 2 | . 1 1 Storage 2 | 1 1 . Processor 1 | . . 1 Hackware 1 | . 1 . Protection 1 | . 1 . Artifact . | . . . Weapon 9 | 2 6 1 Energy Gun 6 | 2 4 . Energy Cannon 1 | . 1 . Ballistic Gun . | . . . Ballistic Cannon . | . . . Launcher 1 | . . 1 Special Weapon . | . . . Impact Weapon . | . . . Slashing Weapon . | . . . Piercing Weapon . | . . . Special Melee Weapon 1 | . 1 . Unidentified Prototypes . | . . . Parts Lost 12 | . 2 10 Power 1 | . . 1 Propulsion 4 | . . 4 Utility 2 | . . 2 Weapon 5 | . 2 3 Highest Loss Streak 4 | . 1 4 Average Slot Usage (%) 92 | . 95 87 Engine 12 | . 14 10 Treads 25 | . 28 18 Device 3 | . 1 9 Storage 13 | . 14 11 Processor 3 | . . 11 Hackware 7 | . 6 10 Protection 2 | . 4 . Energy Gun 12 | . 15 7 Energy Cannon 5 | . 5 7 Special Melee Weapon 3 | . 4 . Naked Turns . | . . . Heaviest Build 29 | 11 28 29 Greatest Support 40 | 40 40 40 Greatest Overweight (x) 7 | 1 . 7 Average Overweight (x) . | . . . Largest Inventory Capacity 10 | 6 10 10 Average Capacity 8 | 5 8 10 Most Carried 10 | 5 10 9 Average Carried 7 | 1 7 8 Final Capacity 10 | 6 10 10 Final Carried 9 | 1 9 6 Class Distribution -------------------- 83% | Mutant 16% | Scavenger-Mutant Dominant Class ---------------- Mutant | -10/Materials Mutant | -9/Materials Resources | -11 -10 -9 ----------- Run | Scr Mat Mat Matter Collected 471 | 169 236 66 Remotely . | . . . Salvage Created 838 | . 670 168 Parts 47 | . 38 9 Haulers Intercepted 1 | . 1 . Recyclers Shooed . | . . . Parts Field Recycled . | . . . Retrieved Matter . | . . . Parts Self-Destructed . | . . . Prevented . | . . . Kills | -11 -10 -9 ------- Run | Scr Mat Mat Combat Hostiles Destroyed 17 | . 13 4 Guns 10 | . 8 2 Cannons 5 | . 3 2 AOE 1 | . 1 . Classes Destroyed 7 | . 6 1 Worker 1 | . 1 . Hauler 1 | . 1 . Recycler 2 | . 2 . Operator 2 | . 1 1 Watcher 1 | . . 1 Swarmer 6 | . 6 . Grunt 11 | . 7 4 Best Kill Streak 5 | . 5 3 Combat Bots Only 5 | . 5 3 Max Kills in Single Turn 1 | . 1 1 Gunslinging . | . . . Exploded 1 | . 1 . Melee . | . . . Uniques/NPCs Destroyed . | . . . Combat | -11 -10 -9 -------- Run | Scr Mat Mat Damage Taken 1570 | . 560 1010 Core 514 | . 105 409 Absorbed by Shields . | . . . Core Remaining (%) 79 | 100 58 . Volleys Fired 65 | . 48 17 Largest 2 | . 2 2 Hottest 110 | . 110 110 Shots Fired 116 | . 85 31 Gun 90 | . 76 14 Cannon 26 | . 9 17 Launcher . | . . . Special . | . . . Kinetic . | . . . Thermal 48 | . 17 31 Explosive . | . . . Electromagnetic 68 | . 68 . Robot Hit Streak 12 | . 12 4 Robot Miss Streak 5 | . 5 2 Penetration Max . | . . . Secondary Targets 1 | . 1 . Max Gunslinging Chain 1 | . 1 . Shots Hit Robots 87 | . 69 18 Core Hits 31 | . 21 10 Critical Hits . | . . . Critical Kills . | . . . Critical Parts Destroyed . | . . . Melee Attacks 13 | . 13 . Impact . | . . . Slashing . | . . . Piercing . | . . . Sneak Attacks 9 | . 9 . Combat Hostiles . | . . . Follow-up Attacks . | . . . Damage Inflicted 994 | . 755 239 Guns 728 | . 629 99 Cannons 244 | . 104 140 Explosions 22 | . 22 . Melee . | . . . Ramming . | . . . Kinetic . | . . . Thermal 391 | . 152 239 Explosive . | . . . Electromagnetic 603 | . 603 . Impact . | . . . Slashing . | . . . Piercing . | . . . Highest Corruption 4 | . . 4 Average Corruption 2 | . . 2 Corruption Purged . | . . . Effects 2 | . . 2 Message Errors 1 | . . 1 Matter Fused 1 | . . 1 Overload Shots . | . . . Overflow Damage . | . . . Projectiles . | . . . Explosions . | . . . Melee . | . . . Knockbacks . | . . . Impact . | . . . Kinetic . | . . . Secondary . | . . . Self-Inflicted Damage 7 | . 7 . Shots 1 | . 1 . Rammed 1 | . . 1 Targets Rammed 1 | . . 1 Kicked . | . . . Crushed . | . . . Highest Temperature 386 | . 293 386 Average Temperature 102 | . 78 160 Received Heat Transfer 621 | . 186 435 Effects 4 | . . 4 Shutdowns 1 | . . 1 Energy Bleed 1 | . . 1 Interference 1 | . . 1 Matter Decay 1 | . . 1 Siege Activations . | . . . Robots Corrupted 2 | . 2 . Combat Hostiles 1 | . 1 . Parts Fried 3 | . 3 . Impact Corruptions . | . . . Robots Melted . | . . . Combat Hostiles . | . . . Parts Melted 6 | . 2 4 Heat Transferred 888 | . 296 592 Parts Sabotaged . | . . . Parts Stolen . | . . . Parts Stripped . | . . . Power Chain Reactions 1 | . 1 . Missiles Intercepted . | . . . Alert | -11 -10 -9 ------- Run | Scr Mat Mat Peak Influence 281 | . 281 206 Initial 29 | . . 29 Average 77 | . 88 63 Maximum Alert Level 1 | . 1 1 Low Security (%) 95 | 100 93 97 Level 1 4 | . 6 2 Level 2 . | . . . Level 3 . | . . . Level 4 . | . . . Level 5 . | . . . High Security . | . . . Max Security . | . . . Squads Dispatched 7 | . 3 4 Investigation 5 | . 3 2 Extermination . | . . . Reinforcement 2 | . . 2 Assault . | . . . Garrison . | . . . Intercept . | . . . Construction Impeded . | . . . Haulers Reinforced . | . . . Stealth | -11 -10 -9 --------- Run | Scr Mat Mat Distress Signals 3 | . 2 1 Communications Jammed . | . . . Distress Signals . | . . . Times Spotted 42 | . 23 19 Peak Tracking Total 8 | . 5 8 Tactical Retreats 2 | . 1 1 Traps | -11 -10 -9 ------- Run | Scr Mat Mat Traps Triggered 1 | . 1 . Indirectly . | . . . Trap Hack Attempts . | . . . Triggered . | . . . Disarmed 1 | . 1 . Reprogrammed 5 | . 5 . Reused 3 | . 3 . Traps Extracted . | . . . Installed . | . . . Triggered 3 | . 3 . Machines | -11 -10 -9 ---------- Run | Scr Mat Mat Machines Disabled . | . . . Max in Single Turn . | . . . Machines Sabotaged . | . . . Garrisons Compromised . | . . . Overloaded Fab Kills . | . . . Fab Network Shutdowns . | . . . Hacking | -11 -10 -9 --------- Run | Scr Mat Mat Machines Accessed 12 | . 10 2 Terminals 8 | . 7 1 Fabricators . | . . . Repair Stations 1 | . 1 . Recycling Units 3 | . 2 1 Scanalyzers . | . . . Garrison Access . | . . . Total Hacks 42 | . 38 4 Successful 35 | . 31 4 Failed 7 | . 7 . Catastrophic . | . . . Database Lockouts . | . . . Manual 11 | . 9 2 Terminals 32 | . 29 3 Fabricators . | . . . Repair Stations 3 | . 3 . Recycling Units 7 | . 6 1 Scanalyzers . | . . . Garrison Access . | . . . Terminal Hacks 21 | . 19 2 Record 6 | . 6 . Prototype ID Bank 2 | . 2 . Emergency Access Points 1 | . 1 . Alert Level 2 | . 1 1 Locate Traps 1 | . 1 . Disarm Traps 1 | . 1 . Reprogram Traps 1 | . 1 . Dispatch Records 2 | . 1 1 Patrol Status 1 | . 1 . Recall Investigation 1 | . 1 . Recall Reinforcements 1 | . 1 . Zone Layout 2 | . 2 . Fabricator Hacks . | . . . Repair Station Hacks 2 | . 2 . Scan Component 1 | . 1 . Repair 1 | . 1 . Recycling Unit Hacks 3 | . 3 . Process 1 | . 1 . Report Inventory 1 | . 1 . Retrieve Matter 1 | . 1 . Scanalyzer . | . . . Garrison Access Hacks . | . . . Unauthorized Hacks 9 | . 7 2 Terminals 5 | . 4 1 Botnet 5 | . 4 1 Fabricators . | . . . Repair Stations . | . . . Recycling Units 4 | . 3 1 Monitor 1 | . 1 . Tunnel 3 | . 2 1 Scanalyzers . | . . . Garrison Access . | . . . Data Cores Recovered 1 | . 1 . Used . | . . . Hacking Detections 10 | . 9 1 Full Trace Events 5 | . 4 1 Feedback Events . | . . . Feedback Blocked . | . . . Robot Schematics Acquired . | . . . Robots Built . | . . . Matter . | . . . Time . | . . . Total Robot Build Rating . | . . . Part Schematics Acquired . | . . . Parts Built . | . . . Matter . | . . . Time . | . . . Total Part Build Rating . | . . . Parts Repaired 1 | . 1 . Time 26 | . 26 . Parts Recycled . | . . . Recycled Matter 247 | . 247 . Retrieved Matter 247 | . 247 . Retrieved Components . | . . . Parts Scanalyzed . | . . . Part Schematics Acquired . | . . . Parts Damaged . | . . . Bothacking | -11 -10 -9 ------------ Run | Scr Mat Mat Used RIF Installer . | . . . Robots Hacked 8 | . 8 . Non-combat 7 | . 7 . Combat 1 | . 1 . Robot Hacks Applied 10 | . 10 . parse_system 4 | . 4 . no_distress 6 | . 6 . Relay Couplers Released . | . . . Robots Rewired . | . . . Allies Hacked . | . . . Hacks Repelled . | . . . Allies | -11 -10 -9 -------- Run | Scr Mat Mat Total Allies . | . . . Largest Group . | . . . Highest-Rated Group . | . . . Highest-Rated Ally . | . . . Total Orders . | . . . Ally Attacks . | . . . Total Damage . | . . . Kills . | . . . Allies Corrupted . | . . . Allies Melted . | . . . Intel | -11 -10 -9 ------- Run | Scr Mat Mat Robot Analysis Total . | . . . Derelict Logs Recovered . | . . . Drone Launches . | . . . Drone Recoveries . | . . . Exploration | -11 -10 -9 ------------- Run | Scr Mat Mat Turns Passed 1929 | 67 1297 565 Spaces Moved 894 | 49 634 211 Core 36 | 22 . 14 Treads 858 | 27 634 197 Legs . | . . . Wheels . | . . . Hover . | . . . Flight . | . . . Fastest Speed 50 | 50 160 160 Average Speed 161 | 113 160 175 Slowest Speed 400 | 160 160 400 Overloaded Moves . | . . . Propulsion Burnouts . | . . . Robots Hopped . | . . . Cave-ins Triggered . | . . . Exploration Rate (%) 34 | 3 76 23 Regions Visited 2 Branch Regions . Pre-discovered Areas 3 | . 2 1 Known Exits Taken . | . . . Unknown Exits Taken 2 | 1 1 . Scrap Searched . | . . . Spaces Dug . | . . . Terrain Destroyed 4 | . 4 . Melee . | . . . Projectile . | . . . AOE 4 | . 4 . Terrain Rammed . | . . . Walls Destroyed . | . . . Machines Disabled . | . . . Actions | -11 -10 -9 --------- Run | Scr Mat Mat Total 1254 | 60 818 376 Wait 221 | . 81 140 Move 892 | 48 633 211 Hop . | . . . Pick Up 28 | 6 20 2 Fast Attach 1 | 1 . . Attach 15 | 5 5 5 Detach . | . . . Swap 10 | . 10 . Drop 8 | . 8 . Fire 65 | . 48 17 Melee 13 | . 13 . Ram . | . . . Kick . | . . . Crush 1 | . . 1 Escape Stasis . | . . . Rewire . | . . . Trap . | . . . Miscellaneous . | . . . Route ------- -11/Scrapyard -10/Materials (discovered 4 exits: *Mat x3 / [*Min]) -9/Materials (discovered 1 exit: [*Min]) History --------- Turn | Location | Event 33 | -11/Scrapyard | Discovered new exit (range 16) 68 | -11/Scrapyard | Entered Materials 316 | -10/Materials | Build established: Mutant 338 | -10/Materials | Repaired EM Pulse Gun 649 | -10/Materials | Discovered new exit (range 14) 717 | -10/Materials | Discovered new exit (range 16) 1177 | -10/Materials | Build established: Scavenger-Mutant 1275 | -10/Materials | Discovered new exit (range 17) 1342 | -10/Materials | Discovered new exit (range 9) 1365 | -10/Materials | Entered another Materials area 1365 | -9/Materials | Evolved 2 slots: Utility x2 1482 | -9/Materials | Build established: Mutant 1804 | -9/Materials | Lost 3 parts (1n2w) 1889 | -9/Materials | Lost 3 parts (2n1u) 1900 | -9/Materials | Core integrity fell below 50% 1905 | -9/Materials | Discovered new exit (range 12) 1925 | -9/Materials | Core integrity fell below 20% 1930 | -9/Materials | Destroyed by Y-45 Defender with Heavy Assault Rifle Last Messages --------------- 01833_ K-01 Serf cleans the Neutrino Reactor. 01838_ Lgt. Treads destroyed. 01842_ K-01 Serf cleans the Neutrino Reactor. 01854_ Lgt. Treads destroyed. 01858_ Terrain Scanner destroyed. 01858_ System corrupted by crushing effect (+1). 01882_ O-16 Technician sends out distress signal. 01882_ O-16 Technician: "IFF HANDSHAKE FAILED. SECURING TERMINAL." 01888_ ALERT: Hostiles spotted, dispatching reinforcements to Terminal M004. 01890_ Lgt. Treads destroyed. 01899_ Imp. Ion Engine destroyed. 01901_ Hacking Suite destroyed. 01901_ System corrupted by crushing effect (+3). 01905_ U/1D0FMPOFN&CYU